Monsters vs Griffins
Created - May 5, 2022 at 19:28
Goals
|
Monsters |
1 |
1 |
1 |
3 |
Griffins |
0 |
1 |
0 |
1 |
|
Shots
|
Monsters |
14 |
8 |
4 |
26 |
Griffins |
3 |
15 |
15 |
33 |
|
1st period
1. Monsters , Patrik Laine 10 (Dillon Heatherington 14, Christian Hanson 57) at 8:08
Penalties :
Ryan Fitzgerald (Cle) for Slashing (Minor) at 8:57, Patrik Laine (Cle) for Holding (Minor) at 11:50
2nd period
2. Griffins , Troy Terry 2 (Ian McCoshen 6, Greg McKegg 4) at 13:44
3. Monsters , Mitch Marner 22 (Matt Calvert 26, Morgan Rielly 33) at 13:54
Penalties :
Matt Grzelcyk (Cle) for Holding (Minor) at 1:28, Riley Armstrong (Gra) for Tripping (Minor) at 1:31
3rd period
4. Monsters , Austin Watson 20 (Bobby Farnham 21, Aaron Ness 46) at 6:13
Penalties :
Adam Gaudette (Gra) for Roughing (Minor) at 7:18, Marcus Pettersson (Gra) for Goalie Interference (Minor) at 13:59
Goalie Stats
Eric Comrie (Cle), 32 saves from 33 shots - (0.970), W, 19-8-3, 60:00 minutes
Olivier Roy (Gra), 23 saves from 26 shots - (0.885), L, 20-18-2, 60:00 minutes
Players Stats for Monsters
Player Name G A P +/- PIM S H SB GA TA FO MP PP MP PK MP
------------------------------------------------------------------------------------
Aaron Ness 0 1 1 2 0 1 0 5 0 0 0/0 25:50 2:34 2:18
Austin Watson 1 0 1 1 0 1 1 0 2 1 0/0 15:17 1:45 1:46
Bobby Farnham 0 1 1 1 0 1 1 1 0 0 0/0 11:11 0:03 0:00
Christian Hanson 0 1 1 0 0 2 0 1 1 0 12/34 20:11 1:59 0:40
Dillon Heatherington 0 1 1 1 0 1 1 1 0 2 0/0 18:33 0:03 1:43
Francis Perron 0 0 0 0 0 0 0 0 0 0 0/1 8:07 0:17 0:07
Jared Knight 0 0 0 1 0 4 1 0 0 0 2/5 16:11 1:30 2:12
Joakim Nordstrom 0 0 0 0 0 3 1 0 0 1 0/0 9:56 0:00 2:08
Matt Calvert 0 1 1 1 0 2 1 0 1 0 0/0 14:29 0:00 0:00
Matt Grzelcyk 0 0 0 1 2 1 2 1 0 0 0/0 20:32 1:30 1:43
Maxim Mamin 0 0 0 -1 0 1 0 1 0 1 0/0 15:09 0:00 1:09
Mitch Marner 1 0 1 1 0 3 2 0 2 0 0/0 17:02 1:56 0:00
Morgan Rielly 0 1 1 2 0 2 0 3 0 0 0/0 25:50 2:34 2:18
Nathan Noel 0 0 0 0 0 0 0 0 0 0 1/1 7:43 0:00 0:00
Ondrej Kase 0 0 0 0 0 2 3 1 2 0 1/2 19:06 1:59 0:00
Patrik Laine 1 0 1 0 2 1 2 0 0 1 0/1 18:23 1:59 0:00
Ryan Fitzgerald 0 0 0 1 2 1 0 0 1 0 8/11 15:56 1:56 0:00
Tarmo Reunanen 0 0 0 -1 0 0 0 1 0 2 0/0 14:34 0:00 0:00
Players Stats for Griffins
Player Name G A P +/- PIM S H SB GA TA FO MP PP MP PK MP
------------------------------------------------------------------------------------
Adam Gaudette 0 0 0 0 2 3 2 1 3 0 0/0 18:48 2:08 0:00
Brendan Woods 0 0 0 0 0 0 1 0 0 0 1/2 14:20 0:00 2:03
Danny Kristo 0 0 0 -3 0 4 1 1 0 1 0/0 17:51 1:53 0:57
Dmitri Orlov 0 0 0 0 0 1 3 2 0 1 0/0 18:56 1:51 0:03
Filip Hronek 0 0 0 0 0 0 0 0 0 0 0/0 5:06 0:00 0:00
Greg McKegg 0 1 1 1 0 2 1 1 0 0 0/3 11:22 0:00 1:17
Ian McCoshen 0 1 1 1 0 2 0 1 0 0 0/0 17:22 0:00 1:53
Lucas Lessio 0 0 0 0 0 4 3 1 1 0 2/2 20:04 2:08 1:45
Marcus Pettersson 0 0 0 -3 2 3 1 1 1 1 0/0 23:04 2:10 0:00
Martin Frk 0 0 0 0 0 1 1 1 1 0 0/0 12:49 1:51 0:02
Mathew Barzal 0 0 0 -3 0 0 2 1 0 2 9/18 16:40 1:53 0:00
Patrick Wiercioch 0 0 0 1 0 0 0 1 0 0 0/0 12:29 0:00 1:50
Phil Oreskovic 0 0 0 -3 0 0 2 0 0 0 0/0 22:46 0:00 2:08
Riley Armstrong 0 0 0 0 2 3 0 0 0 1 14/22 18:20 2:07 0:00
Ryan Pulock 0 0 0 0 0 3 0 1 1 1 0/0 18:26 2:10 2:08
Sonny Milano 0 0 0 -3 0 2 2 0 1 2 0/1 17:45 1:53 1:01
Tanner Kero 0 0 0 1 0 0 3 0 0 0 0/0 8:48 0:00 0:00
Troy Terry 1 0 1 1 0 2 0 1 0 0 0/0 8:57 0:00 0:00
Vladislav Namestnikov 0 0 0 0 0 3 0 2 0 0 5/7 10:07 0:00 0:57
3 Stars
1 - Eric Comrie (Cle)
2 - Mitch Marner (Cle)
3 - Austin Watson (Cle)
Power Play
Monsters - 0 on 3 Attempt(s) - 0.00%
Griffins - 0 on 3 Attempt(s) - 0.00%
Penalty Kill
Monsters - 3 on 3 Attempt(s) - 100.00%
- Score 0 goal in Penalty Kill
Griffins - 3 on 3 Attempt(s) - 100.00%
- Score 0 goal in Penalty Kill
Team Stat
Monsters - Hits : 15 - Faceoff Wins : 24 - Blocked Shots : 15 - Penalty Minutes : 6
Griffins - Hits : 22 - Faceoff Wins : 31 - Blocked Shots : 15 - Penalty Minutes : 6
Official
Referees : Beaudry Halkidis and Graham Skilliter
Linesman : Derek Amell and Steve Barton
Game Notes
No Game Note
Finance
Level 1 -- Attendance: 2000 (100.00%) -- Ticket Income $70,000
Level 2 -- Attendance: 997 (99.70%) -- Ticket Income $14,955
Total Attendance: 2997 (99.90%)
Total Ticket Income: $84,955
Other Income: $4,248
Total Income: $89,203
Monsters
5 vs 5 Forward
Center Left Wing Right Wing Time % Phy DF OF
1 Christian Hanson Patrik Laine Ondrej Kase 40 1 2 2
2 Ryan Fitzgerald Matt Calvert Mitch Marner 30 1 2 2
3 Jared Knight Austin Watson Bobby Farnham 20 1 2 2
4 Nathan Noel Joakim Nordstrom Francis Perron 10 1 2 2
5 vs 5 Defense
Defense Defense Time % Phy DF OF
1 Morgan Rielly Aaron Ness 40 1 2 2
2 Dillon Heatherington Matt Grzelcyk 30 1 2 2
3 Tarmo Reunanen Maxim Mamin 20 1 2 2
4 Morgan Rielly Aaron Ness 10 1 2 2
PowerPlay Forward
Center Left Wing Right Wing Time % Phy DF OF
1 Christian Hanson Patrik Laine Ondrej Kase 60 1 2 2
2 Ryan Fitzgerald Austin Watson Mitch Marner 40 1 2 2
PowerPlay Defense
Defense Defense Time % Phy DF OF
1 Morgan Rielly Aaron Ness 60 1 2 2
2 Jared Knight Matt Grzelcyk 40 1 2 2
Penalty Kill 4 Players Forward
Center Wing Time % Phy DF OF
1 Jared Knight Joakim Nordstrom 60 1 2 2
2 Maxim Mamin Austin Watson 40 1 2 2
Penalty Kill 4 Players Defense
Defense Defense Time % Phy DF OF
1 Morgan Rielly Aaron Ness 60 1 2 2
2 Dillon Heatherington Matt Grzelcyk 40 1 2 2
Penalty Kill - 3 Players Forward
Forward Time % Phy DF OF
1 Jared Knight 60 1 2 2
2 Christian Hanson 40 1 2 2
Penalty Kill - 3 Players Defense
Defense Defense Time % Phy DF OF
1 Morgan Rielly Aaron Ness 60 1 2 2
2 Dillon Heatherington Matt Grzelcyk 40 1 2 2
4 vs 4 Forward
Center Wing Time % Phy DF OF
1 Christian Hanson Mitch Marner 60 1 2 2
2 Jared Knight Ondrej Kase 40 1 2 2
4 vs 4 Defense
Defense Defense Time % Phy DF OF
1 Morgan Rielly Aaron Ness 60 1 2 2
2 Dillon Heatherington Matt Grzelcyk 40 1 2 2
Last Minutes Offensive
Center Left Wing Right Wing Defense Defense
Christian Hanson Mitch Marner Ondrej Kase Morgan Rielly Aaron Ness
Last Minutes Defensive
Center Left Wing Right Wing Defense Defense
Jared Knight Joakim Nordstrom Ondrej Kase Morgan Rielly Aaron Ness
Goaltenders
Starting : Eric Comrie
Backup : Phoenix Copley
Extra Forwards
Normal : Mitch Marner, Ondrej Kase, Christian Hanson - PP : Francis Perron, Bobby Farnham - PK : Joakim Nordstrom
Extra Defensemen
Normal : Tarmo Reunanen, Dillon Heatherington, Matt Grzelcyk - PP : Tarmo Reunanen - PK : Dillon Heatherington, Matt Grzelcyk
Penalty Shots
Mitch Marner, Christian Hanson, Ondrej Kase, Patrik Laine, Bobby Farnham
Scratches
Cameron Hughes (Healthy), Richard Nejezchleb (Healthy), Victor Mete (Left Hand Injury), Marc Michaelis (Healthy), Peyton Jones (Healthy)
Griffins
5 vs 5 Forward
Center Left Wing Right Wing Time % Phy DF OF
1 Riley Armstrong Lucas Lessio Adam Gaudette 37 1 2 2
2 Mathew Barzal Sonny Milano Danny Kristo 33 1 2 2
3 Vladislav Namestnikov Brendan Woods Martin Frk 20 1 2 2
4 Greg McKegg Tanner Kero Troy Terry 10 1 2 2
5 vs 5 Defense
Defense Defense Time % Phy DF OF
1 Marcus Pettersson Phil Oreskovic 40 1 2 2
2 Ryan Pulock Dmitri Orlov 30 1 2 2
3 Ian McCoshen Patrick Wiercioch 20 1 2 2
4 Ian McCoshen Filip Hronek 10 1 2 2
PowerPlay Forward
Center Left Wing Right Wing Time % Phy DF OF
1 Riley Armstrong Lucas Lessio Adam Gaudette 55 2 1 2
2 Mathew Barzal Sonny Milano Danny Kristo 45 2 1 2
PowerPlay Defense
Defense Defense Time % Phy DF OF
1 Ryan Pulock Marcus Pettersson 55 0 2 3
2 Dmitri Orlov Martin Frk 45 0 2 3
Penalty Kill 4 Players Forward
Center Wing Time % Phy DF OF
1 Lucas Lessio Brendan Woods 60 1 3 1
2 Vladislav Namestnikov Danny Kristo 40 1 3 1
Penalty Kill 4 Players Defense
Defense Defense Time % Phy DF OF
1 Ryan Pulock Phil Oreskovic 60 1 3 1
2 Patrick Wiercioch Ian McCoshen 40 1 3 1
Penalty Kill - 3 Players Forward
Forward Time % Phy DF OF
1 Brendan Woods 60 1 4 0
2 Danny Kristo 40 1 4 0
Penalty Kill - 3 Players Defense
Defense Defense Time % Phy DF OF
1 Ian McCoshen Phil Oreskovic 60 1 4 0
2 Patrick Wiercioch Ryan Pulock 40 1 4 0
4 vs 4 Forward
Center Wing Time % Phy DF OF
1 Riley Armstrong Adam Gaudette 60 1 2 2
2 Mathew Barzal Brendan Woods 40 1 2 2
4 vs 4 Defense
Defense Defense Time % Phy DF OF
1 Marcus Pettersson Phil Oreskovic 60 1 2 2
2 Dmitri Orlov Ian McCoshen 40 1 2 2
Last Minutes Offensive
Center Left Wing Right Wing Defense Defense
Riley Armstrong Lucas Lessio Adam Gaudette Dmitri Orlov Marcus Pettersson
Last Minutes Defensive
Center Left Wing Right Wing Defense Defense
Riley Armstrong Brendan Woods Danny Kristo Ryan Pulock Phil Oreskovic
Goaltenders
Starting : Olivier Roy
Backup : Marcus Hogberg
Extra Forwards
Normal : Brendan Woods, Lucas Lessio, Martin Frk - PP : Brendan Woods, Lucas Lessio - PK : Brendan Woods
Extra Defensemen
Normal : Marcus Pettersson, Ian McCoshen, Patrick Wiercioch - PP : Ian McCoshen - PK : Filip Hronek, Patrick Wiercioch
Penalty Shots
Adam Gaudette, Sonny Milano, Danny Kristo, Vladislav Namestnikov, Troy Terry
Scratches
Garrett Wilson (Healthy), Jack Ramsey (Healthy), Jordan Weal (Healthy), Konrad Abeltshauser (Healthy), Michael Bunting (Healthy)
Nikita Pavlychev (Healthy), Ryan Mantha (Healthy), Tomas Hyka (Healthy), Ryan Lindgren (Healthy), Philippe Desrosiers (Healthy)
Adam Werner (Healthy)
% Time on Ice - Monsters
Lines # - Real PCT - Wanted PCT - Time Play
Normal Forward
1 - 35% - 40% - 17:44
2 - 30% - 30% - 14:58
3 - 19% - 20% - 9:37
4 - 15% - 10% - 7:43
Normal Defense
1 - 35% - 40% - 17:37
2 - 33% - 30% - 16:24
3 - 28% - 20% - 13:54
4 - 4% - 10% - 2:07
PP Forward
1 - 52% - 60% - 2:05
2 - 48% - 40% - 1:56
PP Defense
1 - 64% - 60% - 2:34
2 - 36% - 40% - 1:27
PK Forward
1 - 71% - 60% - 2:52
2 - 29% - 40% - 1:09
PK Defense
1 - 57% - 60% - 2:18
2 - 43% - 40% - 1:43
PK3 Forward
1 - 0% - 60%
2 - 0% - 40%
PK3 Defense
1 - 0% - 60%
2 - 0% - 40%
44 Forward
1 - 76% - 60% - 1:28
2 - 24% - 40% - 0:28
44 Defense
1 - 64% - 60% - 1:14
2 - 36% - 40% - 0:42
Last Minute Offensive - 0:00
Last Minute Defensive - 0:00
Total
Forward - 60:00
Defense - 60:00
|
% Time on Ice - Griffins
Lines # - Real PCT - Wanted PCT - Time Play
Normal Forward
1 - 34% - 37% - 17:00
2 - 30% - 33% - 15:04
3 - 18% - 20% - 9:10
4 - 18% - 10% - 8:48
Normal Defense
1 - 39% - 40% - 19:43
2 - 32% - 30% - 15:57
3 - 19% - 20% - 9:16
4 - 10% - 10% - 5:06
PP Forward
1 - 53% - 55% - 2:08
2 - 47% - 45% - 1:53
PP Defense
1 - 54% - 55% - 2:10
2 - 46% - 45% - 1:51
PK Forward
1 - 76% - 60% - 3:04
2 - 24% - 40% - 0:57
PK Defense
1 - 53% - 60% - 2:08
2 - 47% - 40% - 1:53
PK3 Forward
1 - 0% - 60%
2 - 0% - 40%
PK3 Defense
1 - 0% - 60%
2 - 0% - 40%
44 Forward
1 - 100% - 60% - 1:56
2 - 0% - 40% - 0:00
44 Defense
1 - 47% - 60% - 0:55
2 - 53% - 40% - 1:01
Last Minute Offensive - 0:00
Last Minute Defensive - 0:00
Total
Forward - 60:00
Defense - 60:00
|
Play-by-Play
1st period
0:01 of 1st period - Riley Armstrong wins face-off versus Christian Hanson in neutral zone.
0:04 of 1st period - Snap shot by Lucas Lessio.
0:04 of 1st period - Shot Misses the Net.
0:55 of 1st period - Snap shot by Tanner Kero.
0:55 of 1st period - Deflect By Greg McKegg.
0:55 of 1st period - Stopped by Eric Comrie with a rebound.
0:57 of 1st period - Slapshot by Ian McCoshen.
0:57 of 1st period - Shot Blocked by Morgan Rielly.
1:13 of 1st period - Snap shot by Jared Knight.
1:13 of 1st period - Stopped by Olivier Roy with a rebound.
1:15 of 1st period - Snap shot by Jared Knight.
1:15 of 1st period - Shot Misses the Net.
1:37 of 1st period - Wrist shot by Joakim Nordstrom.
1:37 of 1st period - Stopped by Olivier Roy without a rebound.
1:38 of 1st period - Nathan Noel wins face-off versus Riley Armstrong in Griffins zone.
1:41 of 1st period - Wrist shot by Joakim Nordstrom.
1:41 of 1st period - Stopped by Olivier Roy with a rebound.
1:47 of 1st period - Wrist shot by Lucas Lessio.
1:47 of 1st period - Shot Misses the Net.
1:49 of 1st period - Slapshot by Phil Oreskovic.
1:49 of 1st period - Shot Blocked by Tarmo Reunanen.
2:01 of 1st period - Wrist shot by Joakim Nordstrom.
2:01 of 1st period - Stopped by Olivier Roy with a rebound.
3:31 of 1st period - Backhand shot by Riley Armstrong.
3:31 of 1st period - Deflect By Matt Grzelcyk.
3:31 of 1st period - Shot Misses the Net.
3:31 of 1st period - Puck is out of play.
3:32 of 1st period - Mathew Barzal wins face-off versus Christian Hanson in Monsters zone.
3:35 of 1st period - Snap shot by Sonny Milano.
3:35 of 1st period - Shot Blocked by Maxim Mamin.
3:37 of 1st period - Slapshot by Dmitri Orlov.
3:37 of 1st period - Stopped by Eric Comrie without a rebound.
3:38 of 1st period - Mathew Barzal wins face-off versus Christian Hanson in Monsters zone.
3:53 of 1st period - Snap shot by Mathew Barzal.
3:53 of 1st period - Shot Misses the Net.
4:09 of 1st period - Wrist shot by Bobby Farnham.
4:09 of 1st period - Stopped by Olivier Roy with a rebound.
4:11 of 1st period - Backhand shot by Bobby Farnham.
4:11 of 1st period - Shot Misses the Net.
4:13 of 1st period - Slapshot by Tarmo Reunanen.
4:13 of 1st period - Shot Blocked by Dmitri Orlov.
4:15 of 1st period - Wrist shot by Jared Knight.
4:15 of 1st period - Stopped by Olivier Roy without a rebound.
4:16 of 1st period - Ryan Fitzgerald wins face-off versus Mathew Barzal in Griffins zone.
4:19 of 1st period - Wrist shot by Matt Calvert.
4:19 of 1st period - Shot Misses the Net.
4:48 of 1st period - Slapshot by Bobby Farnham.
4:48 of 1st period - Shot Misses the Net.
4:50 of 1st period - Slapshot by Aaron Ness.
4:50 of 1st period - Stopped by Olivier Roy without a rebound.
4:51 of 1st period - Vladislav Namestnikov wins face-off versus Christian Hanson in Griffins zone.
5:39 of 1st period - Danny Kristo is hit by Austin Watson and loses puck.
6:55 of 1st period - Wrist shot by Francis Perron.
6:55 of 1st period - Shot Hit the Post.
7:17 of 1st period - Riley Armstrong is hit by Patrik Laine and loses puck.
7:32 of 1st period - Ryan Pulock is hit by Mitch Marner.
7:42 of 1st period - Snap shot by Tanner Kero.
7:42 of 1st period - Shot Blocked by Aaron Ness.
7:52 of 1st period - Wrist shot by Morgan Rielly.
7:52 of 1st period - Deflect By Jared Knight.
7:52 of 1st period - Shot Misses the Net.
7:52 of 1st period - Puck is out of play.
7:53 of 1st period - Christian Hanson wins face-off versus Sonny Milano in Griffins zone.
7:58 of 1st period - Snap shot by Christian Hanson.
7:58 of 1st period - Shot Misses the Net.
8:00 of 1st period - Slapshot by Dillon Heatherington.
8:00 of 1st period - Stopped by Olivier Roy without a rebound.
8:01 of 1st period - Christian Hanson wins face-off versus Mathew Barzal in Griffins zone.
8:02 of 1st period - Snap shot by Ondrej Kase.
8:02 of 1st period - Stopped by Olivier Roy without a rebound.
8:03 of 1st period - Christian Hanson wins face-off versus Mathew Barzal in Griffins zone.
8:06 of 1st period - Snap shot by Christian Hanson.
8:06 of 1st period - Shot Blocked by Mathew Barzal.
8:08 of 1st period - Slapshot by Dillon Heatherington.
8:08 of 1st period - Deflect By Patrik Laine.
8:08 of 1st period - Goal by Patrik Laine - Monsters : 1 - Griffins : 0.
8:09 of 1st period - Mathew Barzal wins face-off versus Christian Hanson in neutral zone.
8:11 of 1st period - Off-side.
8:12 of 1st period - Mathew Barzal wins face-off versus Christian Hanson in neutral zone.
8:21 of 1st period - Snap shot by Sonny Milano.
8:21 of 1st period - Shot Blocked by Ondrej Kase.
8:23 of 1st period - Snap shot by Danny Kristo.
8:23 of 1st period - Shot Hit the Post.
8:57 of 1st period - Minor Penalty to Ryan Fitzgerald for Slashing.
8:58 of 1st period - Riley Armstrong wins face-off versus Jared Knight in Monsters zone.
9:11 of 1st period - Slapshot by Ryan Pulock.
9:11 of 1st period - Shot Misses the Net.
9:13 of 1st period - Wrist shot by Riley Armstrong.
9:13 of 1st period - Shot Blocked by Dillon Heatherington.
9:23 of 1st period - Matt Grzelcyk is hit by Danny Kristo and loses puck.
10:15 of 1st period - Icing by Riley Armstrong.
10:16 of 1st period - Christian Hanson wins face-off versus Riley Armstrong in Griffins zone.
10:57 of 1st period - Penalty to Ryan Fitzgerald is over, Ryan Fitzgerald is back on ice.
10:57 of 1st period - Austin Watson is hit by Dmitri Orlov and loses puck.
11:10 of 1st period - Wrist shot by Patrik Laine.
11:10 of 1st period - Deflect By Christian Hanson.
11:10 of 1st period - Shot Misses the Net.
11:10 of 1st period - Puck is out of play.
11:11 of 1st period - Christian Hanson wins face-off versus Greg McKegg in Griffins zone.
11:16 of 1st period - Slapshot by Ondrej Kase.
11:16 of 1st period - Shot Misses the Net.
11:18 of 1st period - Snap shot by Ondrej Kase.
11:18 of 1st period - Shot Blocked by Troy Terry.
11:20 of 1st period - Slapshot by Tarmo Reunanen.
11:20 of 1st period - Shot Misses the Net.
11:22 of 1st period - Wrist shot by Christian Hanson.
11:22 of 1st period - Stopped by Olivier Roy without a rebound.
11:23 of 1st period - Riley Armstrong wins face-off versus Christian Hanson in Griffins zone.
11:23 of 1st period - Riley Armstrong is hit by Patrik Laine.
11:28 of 1st period - Off-side.
11:29 of 1st period - Riley Armstrong wins face-off versus Christian Hanson in neutral zone.
11:50 of 1st period - Minor Penalty to Patrik Laine for Holding.
11:51 of 1st period - Jared Knight wins face-off versus Riley Armstrong in Monsters zone.
13:42 of 1st period - Icing by Danny Kristo.
13:43 of 1st period - Christian Hanson wins face-off versus Mathew Barzal in Griffins zone.
13:50 of 1st period - Penalty to Patrik Laine is over, Patrik Laine is back on ice.
14:02 of 1st period - Matt Grzelcyk is hit by Tanner Kero and loses puck.
14:06 of 1st period - Icing by Matt Grzelcyk.
14:07 of 1st period - Ryan Fitzgerald wins face-off versus Riley Armstrong in Monsters zone.
14:32 of 1st period - Christian Hanson is hit by Tanner Kero and loses puck.
14:49 of 1st period - Backhand shot by Austin Watson.
14:49 of 1st period - Shot Misses the Net.
15:21 of 1st period - Off-side.
15:22 of 1st period - Riley Armstrong wins face-off versus Patrik Laine in neutral zone.
15:25 of 1st period - Aaron Ness is hit by Phil Oreskovic and loses puck.
15:34 of 1st period - Snap shot by Lucas Lessio.
15:34 of 1st period - Shot Misses the Net.
15:48 of 1st period - Danny Kristo is hit by Mitch Marner and loses puck.
16:13 of 1st period - Marcus Pettersson is hit by Jared Knight and loses puck.
16:52 of 1st period - Wrist shot by Christian Hanson.
16:52 of 1st period - Shot Blocked by Lucas Lessio.
16:58 of 1st period - Wrist shot by Riley Armstrong.
16:58 of 1st period - Stopped by Eric Comrie with a rebound.
17:00 of 1st period - Snap shot by Adam Gaudette.
17:00 of 1st period - Shot Misses the Net.
18:05 of 1st period - Snap shot by Martin Frk.
18:05 of 1st period - Shot Blocked by Aaron Ness.
18:12 of 1st period - Icing by Aaron Ness.
18:13 of 1st period - Christian Hanson wins face-off versus Riley Armstrong in Monsters zone.
18:22 of 1st period - Snap shot by Matt Calvert.
18:22 of 1st period - Stopped by Olivier Roy without a rebound.
18:23 of 1st period - Riley Armstrong wins face-off versus Ryan Fitzgerald in Griffins zone.
18:57 of 1st period - Snap shot by Mitch Marner.
18:57 of 1st period - Stopped by Olivier Roy without a rebound.
18:58 of 1st period - Mathew Barzal wins face-off versus Christian Hanson in Griffins zone.
19:03 of 1st period - Aaron Ness is hit by Sonny Milano and loses puck.
19:52 of 1st period - Snap shot by Jared Knight.
19:52 of 1st period - Stopped by Olivier Roy without a rebound.
19:53 of 1st period - Riley Armstrong wins face-off versus Christian Hanson in Griffins zone.
Goals for this period are 1 for Monsters vs 0 for Griffins.
Shots for this period are 14 for Monsters vs 3 for Griffins.
2nd period
0:01 of 2nd period - Riley Armstrong wins face-off versus Christian Hanson in neutral zone.
0:06 of 2nd period - Snap shot by Riley Armstrong.
0:06 of 2nd period - Shot Blocked by Aaron Ness.
0:08 of 2nd period - Slapshot by Phil Oreskovic.
0:08 of 2nd period - Shot Misses the Net.
0:10 of 2nd period - Slapshot by Marcus Pettersson.
0:10 of 2nd period - Shot Misses the Net.
0:12 of 2nd period - Slapshot by Adam Gaudette.
0:12 of 2nd period - Deflect By Riley Armstrong.
0:12 of 2nd period - Stopped by Eric Comrie with a rebound.
0:14 of 2nd period - Slapshot by Marcus Pettersson.
0:14 of 2nd period - Stopped by Eric Comrie without a rebound.
0:15 of 2nd period - Ryan Fitzgerald wins face-off versus Mathew Barzal in Monsters zone.
1:02 of 2nd period - Snap shot by Jared Knight.
1:02 of 2nd period - Shot Blocked by Martin Frk.
1:04 of 2nd period - Snap shot by Matt Grzelcyk.
1:04 of 2nd period - Deflect By Jared Knight.
1:04 of 2nd period - Stopped by Olivier Roy without a rebound.
1:05 of 2nd period - Vladislav Namestnikov wins face-off versus Ryan Fitzgerald in Griffins zone.
1:05 of 2nd period - Vladislav Namestnikov is hit by Matt Grzelcyk.
1:28 of 2nd period - Minor Penalty to Matt Grzelcyk for Holding.
1:29 of 2nd period - Riley Armstrong wins face-off versus Jared Knight in Monsters zone.
1:29 of 2nd period - Snap shot by Lucas Lessio.
1:29 of 2nd period - Shot Blocked by Morgan Rielly.
1:31 of 2nd period - Minor Penalty to Riley Armstrong for Tripping.
1:32 of 2nd period - Brendan Woods wins face-off versus Christian Hanson in Griffins zone.
1:45 of 2nd period - Wrist shot by Brendan Woods.
1:45 of 2nd period - Shot Misses the Net.
1:47 of 2nd period - Snap shot by Brendan Woods.
1:47 of 2nd period - Shot Misses the Net.
1:49 of 2nd period - Wrist shot by Marcus Pettersson.
1:49 of 2nd period - Stopped by Eric Comrie with a rebound.
2:36 of 2nd period - Icing by Marcus Pettersson.
2:37 of 2nd period - Ondrej Kase wins face-off versus Brendan Woods in Griffins zone.
2:46 of 2nd period - Dillon Heatherington is hit by Lucas Lessio and loses puck.
2:57 of 2nd period - Ian McCoshen is hit by Dillon Heatherington and loses puck.
3:20 of 2nd period - Snap shot by Martin Frk.
3:20 of 2nd period - Stopped by Eric Comrie with a rebound.
3:28 of 2nd period - Penalty to Matt Grzelcyk is over, Matt Grzelcyk is back on ice.
3:31 of 2nd period - Penalty to Riley Armstrong is over, Riley Armstrong is back on ice.
3:34 of 2nd period - Slapshot by Morgan Rielly.
3:34 of 2nd period - Stopped by Olivier Roy with a rebound.
3:36 of 2nd period - Slapshot by Morgan Rielly.
3:36 of 2nd period - Shot Hit the Post.
4:04 of 2nd period - Slapshot by Jared Knight.
4:04 of 2nd period - Shot Blocked by Ian McCoshen.
4:06 of 2nd period - Slapshot by Jared Knight.
4:06 of 2nd period - Shot Blocked by Dmitri Orlov.
4:24 of 2nd period - Slapshot by Jared Knight.
4:24 of 2nd period - Shot Blocked by Greg McKegg.
4:26 of 2nd period - Slapshot by Morgan Rielly.
4:26 of 2nd period - Stopped by Olivier Roy without a rebound.
4:27 of 2nd period - Christian Hanson wins face-off versus Mathew Barzal in Griffins zone.
4:43 of 2nd period - Slapshot by Maxim Mamin.
4:43 of 2nd period - Deflect By Sonny Milano.
4:43 of 2nd period - Stopped by Olivier Roy without a rebound.
4:44 of 2nd period - Mathew Barzal wins face-off versus Ryan Fitzgerald in Griffins zone.
5:12 of 2nd period - Snap shot by Tanner Kero.
5:12 of 2nd period - Deflect By Greg McKegg.
5:12 of 2nd period - Shot Misses the Net.
5:12 of 2nd period - Puck is out of play.
5:13 of 2nd period - Christian Hanson wins face-off versus Greg McKegg in Monsters zone.
5:28 of 2nd period - Dillon Heatherington is hit by Phil Oreskovic.
6:03 of 2nd period - Mitch Marner is hit by Mathew Barzal and loses puck.
6:12 of 2nd period - Danny Kristo is hit by Matt Calvert and loses puck.
7:40 of 2nd period - Snap shot by Mitch Marner.
7:40 of 2nd period - Shot Blocked by Ryan Pulock.
8:02 of 2nd period - Snap shot by Martin Frk.
8:02 of 2nd period - Shot Blocked by Bobby Farnham.
8:04 of 2nd period - Slapshot by Ryan Pulock.
8:04 of 2nd period - Stopped by Eric Comrie with a rebound.
8:42 of 2nd period - Wrist shot by Lucas Lessio.
8:42 of 2nd period - Shot Misses the Net.
8:44 of 2nd period - Snap shot by Adam Gaudette.
8:44 of 2nd period - Shot Misses the Net.
9:33 of 2nd period - Slapshot by Marcus Pettersson.
9:33 of 2nd period - Shot Misses the Net.
9:47 of 2nd period - Snap shot by Matt Calvert.
9:47 of 2nd period - Shot Blocked by Marcus Pettersson.
10:05 of 2nd period - Snap shot by Lucas Lessio.
10:05 of 2nd period - Shot Misses the Net.
10:07 of 2nd period - Snap shot by Ian McCoshen.
10:07 of 2nd period - Deflect By Austin Watson.
10:07 of 2nd period - Stopped by Eric Comrie with a rebound.
10:09 of 2nd period - Wrist shot by Riley Armstrong.
10:09 of 2nd period - Deflect By Adam Gaudette.
10:09 of 2nd period - Stopped by Eric Comrie with a rebound.
10:11 of 2nd period - Slapshot by Lucas Lessio.
10:11 of 2nd period - Stopped by Eric Comrie with a rebound.
10:13 of 2nd period - Slapshot by Lucas Lessio.
10:13 of 2nd period - Stopped by Eric Comrie with a rebound.
10:33 of 2nd period - Joakim Nordstrom is hit by Brendan Woods and loses puck.
11:21 of 2nd period - Icing by Jared Knight.
11:22 of 2nd period - Riley Armstrong wins face-off versus Francis Perron in Monsters zone.
13:06 of 2nd period - Tarmo Reunanen is hit by Tanner Kero and loses puck.
13:13 of 2nd period - Ondrej Kase is hit by Greg McKegg.
13:22 of 2nd period - Phil Oreskovic is hit by Ondrej Kase and loses puck.
13:27 of 2nd period - Snap shot by Christian Hanson.
13:27 of 2nd period - Shot Misses the Net.
13:40 of 2nd period - Slapshot by Ian McCoshen.
13:40 of 2nd period - Stopped by Eric Comrie with a rebound.
13:42 of 2nd period - Snap shot by Troy Terry.
13:42 of 2nd period - Stopped by Eric Comrie with a rebound.
13:44 of 2nd period - Wrist shot by Troy Terry.
13:44 of 2nd period - Deflect By Patrik Laine.
13:44 of 2nd period - Goal by Troy Terry - Monsters : 1 - Griffins : 1.
13:45 of 2nd period - Ryan Fitzgerald wins face-off versus Mathew Barzal in neutral zone.
13:54 of 2nd period - Snap shot by Mitch Marner.
13:54 of 2nd period - Goal by Mitch Marner - Monsters : 2 - Griffins : 1.
13:55 of 2nd period - Mathew Barzal wins face-off versus Christian Hanson in neutral zone.
13:58 of 2nd period - Aaron Ness is hit by Mathew Barzal and loses puck.
14:15 of 2nd period - Marcus Pettersson is hit by Ondrej Kase and loses puck.
15:20 of 2nd period - Wrist shot by Mitch Marner.
15:20 of 2nd period - Shot Misses the Net.
15:44 of 2nd period - Slapshot by Matt Calvert.
15:44 of 2nd period - Stopped by Olivier Roy with a rebound.
15:56 of 2nd period - Backhand shot by Sonny Milano.
15:56 of 2nd period - Stopped by Eric Comrie with a rebound.
16:10 of 2nd period - Wrist shot by Sonny Milano.
16:10 of 2nd period - Stopped by Eric Comrie without a rebound.
16:11 of 2nd period - Riley Armstrong wins face-off versus Christian Hanson in Monsters zone.
16:26 of 2nd period - Icing by Patrik Laine.
16:27 of 2nd period - Vladislav Namestnikov wins face-off versus Christian Hanson in Monsters zone.
16:35 of 2nd period - Off-side.
16:36 of 2nd period - Vladislav Namestnikov wins face-off versus Christian Hanson in neutral zone.
17:23 of 2nd period - Slapshot by Matt Grzelcyk.
17:23 of 2nd period - Stopped by Olivier Roy with a rebound.
17:31 of 2nd period - Wrist shot by Greg McKegg.
17:31 of 2nd period - Stopped by Eric Comrie with a rebound.
17:45 of 2nd period - Snap shot by Ondrej Kase.
17:45 of 2nd period - Stopped by Olivier Roy with a rebound.
17:47 of 2nd period - Slapshot by Christian Hanson.
17:47 of 2nd period - Shot Blocked by Patrick Wiercioch.
17:51 of 2nd period - Snap shot by Ondrej Kase.
17:51 of 2nd period - Shot Blocked by Vladislav Namestnikov.
18:03 of 2nd period - Mitch Marner is hit by Adam Gaudette and loses puck.
18:37 of 2nd period - Morgan Rielly is hit by Dmitri Orlov and loses puck.
19:02 of 2nd period - Morgan Rielly is hit by Martin Frk and loses puck.
19:12 of 2nd period - Icing by Patrik Laine.
19:13 of 2nd period - Ryan Fitzgerald wins face-off versus Greg McKegg in Monsters zone.
19:49 of 2nd period - Slapshot by Christian Hanson.
19:49 of 2nd period - Shot Blocked by Adam Gaudette.
Goals for this period are 1 for Monsters vs 1 for Griffins.
Shots for this period are 8 for Monsters vs 15 for Griffins.
3rd period
0:01 of 3rd period - Riley Armstrong wins face-off versus Christian Hanson in neutral zone.
0:10 of 3rd period - Snap shot by Riley Armstrong.
0:10 of 3rd period - Stopped by Eric Comrie with a rebound.
0:16 of 3rd period - Wrist shot by Lucas Lessio.
0:16 of 3rd period - Deflect By Adam Gaudette.
0:16 of 3rd period - Shot Blocked by Aaron Ness.
0:16 of 3rd period - Puck is out of play.
0:17 of 3rd period - Mathew Barzal wins face-off versus Jared Knight in Monsters zone.
0:52 of 3rd period - Slapshot by Dmitri Orlov.
0:52 of 3rd period - Deflect By Adam Gaudette.
0:52 of 3rd period - Shot Blocked by Matt Grzelcyk.
0:52 of 3rd period - Puck is out of play.
0:53 of 3rd period - Ryan Fitzgerald wins face-off versus Vladislav Namestnikov in Monsters zone.
1:09 of 3rd period - Off-side.
1:10 of 3rd period - Riley Armstrong wins face-off versus Christian Hanson in neutral zone.
1:21 of 3rd period - Wrist shot by Adam Gaudette.
1:21 of 3rd period - Stopped by Eric Comrie with a rebound.
1:44 of 3rd period - Wrist shot by Danny Kristo.
1:44 of 3rd period - Shot Misses the Net.
1:56 of 3rd period - Snap shot by Mitch Marner.
1:56 of 3rd period - Stopped by Olivier Roy without a rebound.
1:57 of 3rd period - Ryan Fitzgerald wins face-off versus Vladislav Namestnikov in Griffins zone.
1:58 of 3rd period - Wrist shot by Mitch Marner.
1:58 of 3rd period - Shot Misses the Net.
2:00 of 3rd period - Wrist shot by Mitch Marner.
2:00 of 3rd period - Shot Blocked by Vladislav Namestnikov.
2:02 of 3rd period - Slapshot by Ryan Fitzgerald.
2:02 of 3rd period - Stopped by Olivier Roy without a rebound.
2:03 of 3rd period - Ryan Fitzgerald wins face-off versus Riley Armstrong in Griffins zone.
3:02 of 3rd period - Slapshot by Dmitri Orlov.
3:02 of 3rd period - Shot Misses the Net.
3:04 of 3rd period - Snap shot by Ryan Pulock.
3:04 of 3rd period - Stopped by Eric Comrie without a rebound.
3:05 of 3rd period - Christian Hanson wins face-off versus Riley Armstrong in Monsters zone.
3:10 of 3rd period - Slapshot by Lucas Lessio.
3:10 of 3rd period - Stopped by Eric Comrie without a rebound.
3:11 of 3rd period - Riley Armstrong wins face-off versus Christian Hanson in Monsters zone.
3:22 of 3rd period - Slapshot by Lucas Lessio.
3:22 of 3rd period - Shot Misses the Net.
3:24 of 3rd period - Wrist shot by Adam Gaudette.
3:24 of 3rd period - Stopped by Eric Comrie without a rebound.
3:25 of 3rd period - Mathew Barzal wins face-off versus Christian Hanson in Monsters zone.
3:32 of 3rd period - Slapshot by Sonny Milano.
3:32 of 3rd period - Shot Misses the Net.
3:34 of 3rd period - Snap shot by Danny Kristo.
3:34 of 3rd period - Shot Blocked by Christian Hanson.
3:36 of 3rd period - Wrist shot by Danny Kristo.
3:36 of 3rd period - Stopped by Eric Comrie with a rebound.
3:38 of 3rd period - Slapshot by Ian McCoshen.
3:38 of 3rd period - Shot Misses the Net.
3:40 of 3rd period - Wrist shot by Mathew Barzal.
3:40 of 3rd period - Shot Blocked by Morgan Rielly.
4:12 of 3rd period - Snap shot by Joakim Nordstrom.
4:12 of 3rd period - Shot Misses the Net.
4:20 of 3rd period - Wrist shot by Marcus Pettersson.
4:20 of 3rd period - Stopped by Eric Comrie with a rebound.
4:22 of 3rd period - Wrist shot by Marcus Pettersson.
4:22 of 3rd period - Deflect By Vladislav Namestnikov.
4:22 of 3rd period - Stopped by Eric Comrie with a rebound.
4:24 of 3rd period - Snap shot by Vladislav Namestnikov.
4:24 of 3rd period - Stopped by Eric Comrie with a rebound.
4:26 of 3rd period - Slapshot by Phil Oreskovic.
4:26 of 3rd period - Shot Misses the Net.
4:42 of 3rd period - Snap shot by Danny Kristo.
4:42 of 3rd period - Stopped by Eric Comrie with a rebound.
4:44 of 3rd period - Slapshot by Ryan Pulock.
4:44 of 3rd period - Stopped by Eric Comrie with a rebound.
5:06 of 3rd period - Slapshot by Ondrej Kase.
5:06 of 3rd period - Shot Misses the Net.
5:18 of 3rd period - Snap shot by Lucas Lessio.
5:18 of 3rd period - Shot Misses the Net.
5:57 of 3rd period - Off-side.
5:58 of 3rd period - Jared Knight wins face-off versus Mathew Barzal in neutral zone.
6:13 of 3rd period - Slapshot by Austin Watson.
6:13 of 3rd period - Goal by Austin Watson - Monsters : 3 - Griffins : 1.
6:14 of 3rd period - Christian Hanson wins face-off versus Riley Armstrong in neutral zone.
6:49 of 3rd period - Wrist shot by Mitch Marner.
6:49 of 3rd period - Deflect By Ryan Fitzgerald.
6:49 of 3rd period - Shot Misses the Net.
6:49 of 3rd period - Puck is out of play.
6:50 of 3rd period - Vladislav Namestnikov wins face-off versus Ondrej Kase in Griffins zone.
7:18 of 3rd period - Minor Penalty to Adam Gaudette for Roughing.
7:19 of 3rd period - Lucas Lessio wins face-off versus Christian Hanson in Griffins zone.
7:32 of 3rd period - Snap shot by Christian Hanson.
7:32 of 3rd period - Stopped by Olivier Roy with a rebound.
7:34 of 3rd period - Slapshot by Morgan Rielly.
7:34 of 3rd period - Shot Misses the Net.
8:33 of 3rd period - Matt Grzelcyk is hit by Sonny Milano and loses puck.
9:18 of 3rd period - Penalty to Adam Gaudette is over, Adam Gaudette is back on ice.
10:49 of 3rd period - Adam Gaudette is hit by Joakim Nordstrom and loses puck.
13:03 of 3rd period - Bobby Farnham is hit by Adam Gaudette and loses puck.
13:14 of 3rd period - Lucas Lessio is hit by Matt Grzelcyk and loses puck.
13:23 of 3rd period - Tarmo Reunanen is hit by Lucas Lessio.
13:27 of 3rd period - Dmitri Orlov is hit by Bobby Farnham.
13:35 of 3rd period - Wrist shot by Lucas Lessio.
13:35 of 3rd period - Stopped by Eric Comrie without a rebound.
13:36 of 3rd period - Christian Hanson wins face-off versus Mathew Barzal in Monsters zone.
13:36 of 3rd period - Christian Hanson is hit by Marcus Pettersson.
13:59 of 3rd period - Minor Penalty to Marcus Pettersson for Goalie Interference.
14:00 of 3rd period - Lucas Lessio wins face-off versus Christian Hanson in Griffins zone.
14:38 of 3rd period - Slapshot by Danny Kristo.
14:38 of 3rd period - Shot Misses the Net.
14:40 of 3rd period - Snap shot by Vladislav Namestnikov.
14:40 of 3rd period - Stopped by Eric Comrie with a rebound.
14:42 of 3rd period - Slapshot by Phil Oreskovic.
14:42 of 3rd period - Shot Misses the Net.
14:44 of 3rd period - Slapshot by Phil Oreskovic.
14:44 of 3rd period - Shot Misses the Net.
14:46 of 3rd period - Wrist shot by Phil Oreskovic.
14:46 of 3rd period - Shot Blocked by Aaron Ness.
15:59 of 3rd period - Penalty to Marcus Pettersson is over, Marcus Pettersson is back on ice.
16:21 of 3rd period - Snap shot by Danny Kristo.
16:21 of 3rd period - Stopped by Eric Comrie with a rebound.
16:25 of 3rd period - Slapshot by Danny Kristo.
16:25 of 3rd period - Stopped by Eric Comrie with a rebound.
16:27 of 3rd period - Slapshot by Danny Kristo.
16:27 of 3rd period - Shot Misses the Net.
16:51 of 3rd period - Greg McKegg is hit by Ondrej Kase and loses puck.
17:06 of 3rd period - Ryan Fitzgerald is hit by Dmitri Orlov and loses puck.
17:49 of 3rd period - Snap shot by Morgan Rielly.
17:49 of 3rd period - Shot Blocked by Danny Kristo.
19:43 of 3rd period - Jared Knight is hit by Lucas Lessio.
Goals for this period are 1 for Monsters vs 0 for Griffins.
Shots for this period are 4 for Monsters vs 15 for Griffins.